 Dungeon Crawl Stone Soup version 0.28.0-43-g3370ac3207 (webtiles) character file.

Game seed: 13989835189771850033

100773 reversiblehash the Basher (level 16, -5/129 HPs)
             Began as a Gnoll Fighter on Mar 22, 2022.
             Was the Champion of Qazlal.
             Slain by a wolf spider (15 damage)
             ... on level 2 of the Lair of Beasts.
             The game lasted 01:18:23 (31031 turns).

reversiblehash the Basher (Gnoll Fighter)          Turns: 31031, Time: 01:18:23

Health: -5/129     AC: 34    Str: 20    XL:     16   Next: 28%
Magic:  6/30       EV:  9    Int:  9    God:    Qazlal [******]
Gold:   2455       SH: 26    Dex: 14    Spells: 36/36 levels left

rFire   . . .      SeeInvis .   Q - +12 dagger "Xawnihin" {vorpal, rCorr}
rCold   + . .      Faith    .   j - +1 kite shield {AC+3}
rNeg    . . .      Spirit   .   m - +3 plate armour {rC+}
rPois   +          Reflect  +   L - +0 helmet
rElec   .          Harm     .   A - +0 cloak
rCorr   +          Rampage  .   X - +1 pair of gloves {infuse}
Will    +....                   (no boots)
Stlth   ..........              S - amulet of reflection
HPRegen 0.31/turn               U - ring of poison resistance
MPRegen 0.22/turn               b - +4 ring of protection

@: protected from physical damage, slowed, studying 2 skills, repel missiles,
very slow
A: fangs 1, strong nose, distributed training
a: Renounce Religion, Upheaval, Elemental Force, Disaster Area


You were on level 2 of the Lair of Beasts.
You worshipped Qazlal.
Qazlal was exalted by your worship.
You visited 5 branches of the dungeon, and saw 24 of its levels.
You also visited: Gauntlet and Volcano.

You collected 3896 gold pieces.
You spent 1441 gold pieces at shops.

Inventory:

Hand Weapons
 p - the +3 flail "Yroxar" {vamp, rPois rN++ rCorr Dex-2}
   (You bought it in a shop on level 2 of the Orcish Mines)

   It occasionally heals its wielder for a portion of the damage dealt when it
   wounds a living foe.
   Dex:       It affects your dexterity (-2).
   rPois:     It protects you from poison.
   rN:        It greatly protects you from negative energy.
   rCorr:     It protects you from acid and corrosion.
 Q - the +12 dagger "Xawnihin" (weapon) {vorpal, rCorr}
   (You bought it in a shop on level 2 of the Orcish Mines)

   It inflicts extra damage upon your enemies.
   rCorr:     It protects you from acid and corrosion.
 W - a +3 vampiric demon whip
Missiles
 l - 3 silver boomerangs (quivered)
 o - 9 silver javelins
Armour
 j - a +1 kite shield of protection (worn)
 m - a +3 plate armour of cold resistance (worn)
 A - a +0 cloak (worn)
 L - a +0 helmet (worn)
 X - a +1 pair of gloves of infusion (worn)
Jewellery
 b - a +4 ring of protection (right hand)
 k - a ring of flight
 q - a +4 ring of protection
 u - a +4 ring of evasion
 w - a ring of protection from cold
 C - a ring of resist corrosion
 D - a ring of see invisible
 I - a ring of wizardry
 K - a ring of willpower
 M - a ring of protection from fire
 O - a ring of the Octopus King {rC+ AC+1 EV+1 Str+1 Int+1 Dex+1}
   (You found it on level 6 of the Lair of Beasts)

   [ring of protection from cold]

   AC:        It affects your AC (+1).
   EV:        It affects your evasion (+1).
   Str:       It affects your strength (+1).
   Int:       It affects your intelligence (+1).
   Dex:       It affects your dexterity (+1).
   rC:        It protects you from cold.
 R - a ring of wizardry
 S - an amulet of reflection (around neck)
 U - a ring of poison resistance (left hand)
Wands
 z - a wand of flame (12)
 H - a wand of iceblast (32)
 J - a wand of charming (3)
 V - a wand of acid (4)
Scrolls
 i - 4 scrolls of immolation
 s - 3 scrolls of brand weapon {unknown}
 x - a scroll of blinking
 y - 2 scrolls of fog {unknown}
 B - 3 scrolls of fear
 E - a scroll of summoning
 F - 3 scrolls of silence {unknown}
 G - 5 scrolls of teleportation {unknown}
 N - 3 scrolls of enchant armour
 P - a scroll of holy word
 Z - 2 scrolls of magic mapping {unknown}
Potions
 a - 3 potions of heal wounds
 c - 5 potions of resistance
 d - a potion of might
 e - 6 potions of invisibility
 f - 2 potions of ambrosia
 g - 5 potions of brilliance
 h - 4 potions of mutation
 n - 7 potions of curing
 r - 8 potions of flight
 t - 2 potions of lignification
 T - 4 potions of haste
 Y - 2 potions of berserk rage
Miscellaneous
 v - a phantom mirror


   Skills:
 + Level 12.5 Fighting
 + Level 10.8 Short Blades
 + Level 10.8 Long Blades
 + Level 11.7 Axes
 + Level 14.9 Maces & Flails
 + Level 10.8 Polearms
 + Level 14.6 Staves
 + Level 10.8 Slings
 + Level 10.8 Bows
 + Level 10.8 Crossbows
 + Level 10.8 Throwing
 + Level 12.5 Armour
 + Level 10.8 Dodging
 + Level 10.8 Stealth
 + Level 12.5 Shields
 + Level 10.8 Unarmed Combat
 + Level 10.8 Spellcasting
 + Level 9.1 Conjurations
 + Level 9.1 Hexes
 + Level 9.1 Summonings
 + Level 9.1 Necromancy
 + Level 9.1 Translocations
 + Level 9.1 Transmutations
 + Level 9.1 Fire Magic
 + Level 9.1 Ice Magic
 + Level 9.1 Air Magic
 + Level 9.1 Earth Magic
 + Level 9.1 Poison Magic
 + Level 11.7 Invocations
 + Level 10.8 Evocations


You had 36 spell levels left.
You didn't know any spells.
Your spell library contained the following spells:

 Spells                   Type           Power      Damage    Failure   Level
 Animate Skeleton         Necr           42%        N/A       9%          1
 Pain                     Necr           84%        1d8       9%          1
 Shock                    Conj/Air       84%        1d8       9%          1
 Ensorcelled Hibernation  Hex/Ice        42%        N/A       14%         2
 Confusing Touch          Hex            21%        N/A       26%         3
 Dazzling Flash           Conj/Hex       42%        N/A       26%         3
 Gell's Gravitas          Tloc           21%        N/A       26%         3
 Inner Flame              Hex/Fire       21%        N/A       26%         3
 Ozocubu's Armour         Ice            21%        N/A       26%         3
 Spider Form              Tmut/Pois      21%        N/A       26%         3
 Swiftness                Air            21%        N/A       26%         3
 Teleport Other           Tloc           21%        N/A       26%         3
 Vampiric Draining        Necr           21%        2d7       26%         3
 Airstrike                Air            10%        N/A       65%         4
 Anguish                  Hex/Necr       10%        N/A       65%         4
 Iskenderun's Mystic Bla  Conj/Tloc      21%        2d6       65%         4
 Petrify                  Tmut/Erth      21%        N/A       65%         4
 Blade Hands              Tmut           10%        N/A       94%         5
 Irradiate                Conj/Tmut      10%        3d17      94%         5
 Metabolic Englaciation   Hex/Ice        10%        N/A       94%         5
 Summon Mana Viper        Hex/Summ       21%        N/A       94%         5
 Dispersal                Tloc           10%        N/A       100%        6
 Simulacrum               Ice/Necr       10%        N/A       100%        6
 Starburst                Conj/Fire      10%        6d5       100%        6
 Statue Form              Tmut/Erth      14%        N/A       100%        6
 Dragon Form              Tmut           10%        N/A       100%        7
 Discord                  Hex            10%        N/A       100%        8


Dungeon Overview and Level Annotations

Branches:
Dungeon (14/15)            Temple (1/1) D:7            Lair (6/6) D:9
 Shoals (0/4) Lair:2       Spider (1/4) Lair:2        Slime (0/5) Lair:6
    Orc (2/2) D:11            Elf (0/3) Orc:2        Vaults (0/5) D:14
Volcano (visited)         Gauntlet (visited)

Altars:
Ashenzari
Cheibriados
Dithmenos
Elyvilon
Fedhas
Gozag
Hepliaklqana
Kikubaaqudgha
Makhleb
Nemelex Xobeh
Okawaru
Qazlal
Ru
Sif Muna
Trog
Uskayaw
Vehumet
Wu Jian
Xom
Yredelemnul
Zin
The Shining One
Jiyva

Shops:
D:4 [   D:11 ([   Orc:2 *((*


Innate Abilities, Weirdness & Mutations

You have very sharp teeth.
Your uncanny sense of smell can sniff out nearby items.
Your experience applies equally to all skills.


Message History

The moth of wrath goads the wolf spider on!
The wolf spider goes berserk!
The wolf spider hits you but does no damage.
The wolf spider bites you but does no damage.
The wolf spider is engulfed in blazing flames.
You kill the wolf spider!
Qazlal accepts your kill.
You hear an angry hiss.
The wolf spider is engulfed in blazing flames. x2
Being near the torpor snail leaves you feeling lethargic.
You block the wolf spider's attack.
The wolf spider bites you but does no damage.
You block the wolf spider's attack. The wolf spider closely misses you.
The wolf spider is engulfed in freezing vapours.
You block the wolf spider's attack. x2; The wolf spider barely misses you.
The wolf spider bites you but does no damage.
The wolf spider is engulfed in freezing vapours.
The wolf spider hits you!
* * * LOW HITPOINT WARNING * * *
The wolf spider bites you but does no damage.
You feel yourself speed up.
The wolf spider is engulfed in freezing vapours.
The wolf spider rages.
The wolf spider hits you but does no damage.
You block the wolf spider's attack. The wolf spider hits you!
* * * LOW HITPOINT WARNING * * *
The wolf spider closely misses you. You block the wolf spider's attack. x2
The wolf spider hits you.
* * * LOW HITPOINT WARNING * * *
The wolf spider bites you but does no damage.
The wolf spider closely misses you. The wolf spider completely misses you.
The redback is engulfed in blazing flames.
The wolf spider is engulfed in freezing vapours.
You block the wolf spider's attack. x2; The wolf spider closely misses you.
The wolf spider bites you but does no damage.
Being near the torpor snail leaves you feeling lethargic.
You see here a +0 spear.
The wolf spider is engulfed in freezing vapours.
You block the wolf spider's attack. x3; The wolf spider bites you!
You die...

# ##..######....#.#.###.........
#..###...##.†......###.....#..
####.##.....#.#w#.#....###.....#.
......#†.......#.#......##.....##
..P...##......#...#..^..##.....##
......###...##..s#....###.....###
.......#######°.○#####.#..##...##
.......#######.ss.######.........
...........##.☼☼@.○..............
................☼................
..............○..................
........#####...................P
.......##.# #..................##
.........####....................
....<....#.###.................P#
#.........#.##.##..............##
##............###.......(........


You could see a torpor snail, 2 wolf spiders and a redback.

Vanquished Creatures
  Gastronok (Lair:3)
  2 orc warlords (Orc:2)
  A red draconian (Volcano)
  A minotaur (Gauntlet)
  A fire dragon (Lair:3)
  An ettin (D:11)
  2 vault guards (D:14)
  Harold (D:10)
  A boulder beetle (D:8)
  3 catoblepae
  4 hydras
  2 ogre magi (Orc:1)
  A merfolk avatar (Lair:6)
  4 centaur warriors
  15 death yaks
  10 two-headed ogres
  A tengu warrior (D:13)
  Urug (Lair:3)
  A fire crab (Lair:6)
  2 deep trolls (Orc:1)
  A sea snake (Lair:6)
  A steelbarb worm (Lair:2)
  A lindwurm (Lair:6)
  2 wizards (D:14)
  2 orc knights
  2 harpies (Lair:6)
  A necromancer (D:14)
  A harpy (shapeshifter) (D:13)
  2 ugly things
  A wolf spider (Lair:2)
  7 cyclopes
  An orc sorcerer (Orc:2)
  5 manticores
  5 black mambas
  An elephant (shapeshifter) (D:13)
  28 elephants
  11 cane toads
  2 gargoyles
  13 komodo dragons
  2 kobold demonologists (D:12)
  2 rime drakes
  Psyche (D:9)
  A demonic crawler (Lair:2)
  A yaktaur (Volcano)
  12 trolls
  3 tarantellas
  15 blink frogs
  3 slime creatures (D:13)
  15 dream sheep
  A meliai zombie (D:11)
  3 flying skulls (Gauntlet)
  3 culicivoras (Lair:2)
  A vampire (D:12)
  5 shadows
  6 wyverns
  3 basilisks
  48 yaks
  2 wraiths
  18 humans (D:14)
  4 steam dragons
  6 vampire mosquitoes
  4 small abominations (Gauntlet)
  3 acid dragons
  3 wargs
  Menkaure (D:7)
  13 water moccasins
  5 black bears
  A black bear (shapeshifter) (D:14)
  21 orc warriors
  A sky beast (D:7)
  A necrophage (D:8)
  A hornet zombie (D:8)
  6 wolves
  9 centaurs
  22 ogres
  A phantom (D:5)
  An elf zombie (D:7)
  3 kobold brigands
  6 bullfrogs
  2 elf skeletons (D:7)
  2 gnoll sergeants
  5 scorpions
  A wyvern skeleton (D:7)
  2 water moccasin zombies (D:6)
  3 wights (D:10)
  7 howler monkeys
  5 centaur zombies
  2 jellies
  2 hounds (D:5)
  Crazy Yiuf (D:5)
  12 orc priests
  2 bullfrog skeletons
  A gnoll shaman (D:6)
  3 iguanas
  23 orc wizards
  2 killer bee zombies
  A howler monkey zombie (D:7)
  2 howler monkey skeletons
  10 adders
  6 gnolls
  2 ufetubi (D:5)
  3 worms
  6 dart slugs
  71 orcs
  12 ball pythons
  11 endoplasms
  3 giant cockroaches
  10 hobgoblins
  4 quokkas
  5 bats
  3 frilled lizards (D:1)
  9 goblins
  8 kobolds
  2 orc skeletons (D:7)
  An orc zombie (D:7)
  4 rats
647 creatures vanquished.

Vanquished Creatures (collateral kills)
  An orc sorcerer (D:11)
  A warg (D:11)
  An orc priest (Orc:1)
  An orc (Orc:1)
4 creatures vanquished.

Vanquished Creatures (others)
  A yaktaur (Volcano)
  A human (D:14)
  An orc warrior (D:11)
  A centaur (Volcano)
  A quokka skeleton (D:4)
  A bush (Lair:2)
  21 fungi
  37 plants
  16 withered plants (Gauntlet)
80 creatures vanquished.

Grand Total: 731 creatures vanquished

Notes
Turn   | Place    | Note
-------+----------+-------------------------------------------
     0 | D:1      | reversiblehash the Gnoll Fighter began the quest for the
                  | Orb.
     0 | D:1      | Reached XP level 1. HP: 23/23 MP: 1/1
    30 | D:1      | Reached XP level 2. HP: 21/29 MP: 2/2
   263 | D:1      | Found a faded altar of an unknown god.
   338 | D:1      | Reached XP level 3. HP: 35/35 MP: 3/3
   549 | D:1      | Reached skill level 1 in Invocations
   628 | D:2      | Reached skill level 1 in Maces & Flails
   721 | D:2      | Reached skill level 1 in Short Blades
   721 | D:2      | Reached skill level 1 in Long Blades
   721 | D:2      | Reached skill level 1 in Polearms
   721 | D:2      | Reached skill level 1 in Staves
   721 | D:2      | Reached skill level 1 in Slings
   721 | D:2      | Reached skill level 1 in Bows
   721 | D:2      | Reached skill level 1 in Crossbows
   721 | D:2      | Reached skill level 1 in Throwing
   721 | D:2      | Reached skill level 1 in Dodging
   721 | D:2      | Reached skill level 1 in Stealth
   721 | D:2      | Reached skill level 1 in Unarmed Combat
   721 | D:2      | Reached skill level 1 in Spellcasting
   721 | D:2      | Reached skill level 1 in Evocations
   725 | D:2      | Reached XP level 4. HP: 18/41 MP: 5/5
   731 | D:2      | Reached skill level 1 in Conjurations
   731 | D:2      | Reached skill level 1 in Hexes
   731 | D:2      | Reached skill level 1 in Summonings
   731 | D:2      | Reached skill level 1 in Necromancy
   731 | D:2      | Reached skill level 1 in Translocations
   731 | D:2      | Reached skill level 1 in Transmutations
   731 | D:2      | Reached skill level 1 in Fire Magic
   731 | D:2      | Reached skill level 1 in Ice Magic
   731 | D:2      | Reached skill level 1 in Air Magic
   731 | D:2      | Reached skill level 1 in Earth Magic
   731 | D:2      | Reached skill level 1 in Poison Magic
  1361 | D:2      | Reached XP level 5. HP: 47/47 MP: 6/6
  2205 | D:3      | Noticed a black bear
  2220 | D:3      | Killed a black bear
  2221 | D:3      | Reached XP level 6. HP: 28/53 MP: 8/8
  2735 | D:4      | Reached skill level 5 in Axes
  2859 | D:4      | You are sucked into a shaft and drop 3 floors!
  2872 | D:6      | Reached XP level 7. HP: 59/59 MP: 10/10
  2921 | D:5      | Entered Level 5 of the Dungeon
  3139 | D:5      | Found a runed translucent door.
  3140 | D:5      | Noticed Crazy Yiuf
  3194 | D:5      | Killed Crazy Yiuf
  3458 | D:4      | Found Olumiex's Antique Armour Shoppe.
  3545 | D:5      | Reached XP level 8. HP: 67/67 MP: 12/12
  3613 | D:5      | Found a broken altar of Ashenzari.
  4721 | D:5      | Reached skill level 5 in Maces & Flails
  5171 | D:6      | Reached XP level 9. HP: 67/72 MP: 14/14
  5854 | D:7      | Reached skill level 5 in Staves
  6514 | D:7      | Noticed Menkaure
  6532 | D:7      | Killed Menkaure
  6533 | D:7      | Reached skill level 5 in Invocations
  6896 | D:7      | Found a staircase to the Ecumenical Temple.
  7536 | Temple   | Entered the Ecumenical Temple
  7572 | Temple   | Became a worshipper of Qazlal Stormbringer
  7704 | D:8      | Reached XP level 10. HP: 17/80 MP: 17/17
  8082 | D:8      | Noticed a boulder beetle
  8178 | D:8      | Killed a boulder beetle
  8179 | D:8      | Reached skill level 5 in Short Blades
  8179 | D:8      | Reached skill level 5 in Long Blades
  8179 | D:8      | Reached skill level 5 in Polearms
  8179 | D:8      | Reached skill level 5 in Slings
  8179 | D:8      | Reached skill level 5 in Bows
  8179 | D:8      | Reached skill level 5 in Crossbows
  8179 | D:8      | Reached skill level 5 in Throwing
  8179 | D:8      | Reached skill level 5 in Dodging
  8179 | D:8      | Reached skill level 5 in Stealth
  8179 | D:8      | Reached skill level 5 in Unarmed Combat
  8179 | D:8      | Reached skill level 5 in Spellcasting
  8179 | D:8      | Reached skill level 5 in Evocations
  8227 | D:8      | Noticed a two-headed ogre
  8246 | D:8      | HP: 2/82 [two-headed ogre/+0 giant club (8)]
  8247 | D:8      | Killed a two-headed ogre
  9249 | D:9      | Reached * piety under Qazlal
  9288 | D:9      | Found an ancient bone altar of Kikubaaqudgha.
  9296 | D:9      | Found a hide-covered altar of Uskayaw.
  9408 | D:9      | Found a staircase to the Lair.
  9540 | D:9      | Reached XP level 11. HP: 62/87 MP: 19/19
 10115 | D:9      | Found a shimmering altar of Xom.
 10299 | D:10     | Entered Level 10 of the Dungeon
 10345 | D:10     | Noticed Psyche
 10365 | D:9      | Killed Psyche
 10366 | D:9      | Reached skill level 5 in Conjurations
 10366 | D:9      | Reached skill level 5 in Hexes
 10366 | D:9      | Reached skill level 5 in Summonings
 10366 | D:9      | Reached skill level 5 in Necromancy
 10366 | D:9      | Reached skill level 5 in Translocations
 10366 | D:9      | Reached skill level 5 in Transmutations
 10366 | D:9      | Reached skill level 5 in Fire Magic
 10366 | D:9      | Reached skill level 5 in Ice Magic
 10366 | D:9      | Reached skill level 5 in Air Magic
 10366 | D:9      | Reached skill level 5 in Earth Magic
 10366 | D:9      | Reached skill level 5 in Poison Magic
 10439 | D:10     | Noticed a two-headed ogre
 10455 | D:10     | Killed a two-headed ogre
 10797 | D:10     | Noticed Harold
 10819 | D:10     | Killed Harold
 11193 | D:10     | Noticed a purple ugly thing
 11224 | D:10     | Killed a purple ugly thing
 11229 | D:10     | Reached ** piety under Qazlal
 12109 | D:11     | Noticed a manticore
 12117 | D:11     | Killed a manticore
 12319 | D:11     | Reached XP level 12. HP: 94/96 MP: 22/22
 12319 | D:11     | Found Oxid's Armour Boutique.
 12319 | D:11     | Found a staircase to the Orcish Mines.
 12383 | D:11     | Found Fora's Weapon Boutique.
 12695 | D:11     | Noticed a two-headed ogre
 12702 | D:11     | Killed a two-headed ogre
 12703 | D:11     | Reached skill level 10 in Maces & Flails
 13176 | Orc:1    | Entered Level 1 of the Orcish Mines
 13177 | Orc:1    | Paralysed by an orc sorcerer for 7 turns
 13183 | Orc:1    | Reached *** piety under Qazlal
 13621 | D:11     | Bought a +3 vampiric demon whip for 682 gold pieces
 13626 | D:11     | Bought a +1 pair of gloves of infusion for 247 gold pieces
 13673 | Orc:2    | Entered Level 2 of the Orcish Mines
 13673 | Orc:2    | Noticed a two-headed ogre
 13673 | Orc:2    | Noticed a two-headed ogre
 13673 | Orc:2    | Noticed an ettin
 13673 | Orc:2    | Noticed a two-headed ogre
 13673 | Orc:2    | Noticed an ogre mage
 13673 | Orc:2    | Noticed a two-headed ogre
 13673 | Orc:2    | Noticed a two-headed ogre
 13673 | Orc:2    | Noticed a two-headed ogre
 13673 | Orc:2    | Noticed an ogre mage
 13673 | Orc:2    | Found Gejyfujo's Antique Weapon Emporium.
 13673 | Orc:2    | Found Nefuil's Assorted Antiques.
 13675 | Orc:2    | Noticed a two-headed ogre
 13855 | Lair:1   | Entered Level 1 of the Lair of Beasts
 14021 | Lair:1   | Reached skill level 10 in Staves
 14128 | Lair:1   | Reached skill level 10 in Fighting
 14128 | Lair:1   | Reached skill level 10 in Armour
 14128 | Lair:1   | Reached skill level 10 in Shields
 15132 | Lair:2   | Noticed a five-headed hydra
 15147 | Lair:2   | Killed a five-headed hydra
 15189 | Lair:2   | Reached XP level 13. HP: 103/103 MP: 0/24
 15228 | Lair:2   | Reached **** piety under Qazlal
 15781 | Lair:2   | Identified the +5 battleaxe "Parasm" {antimagic, *Rage
                  | rPois rN+}
 16090 | Lair:2   | Found a hole to the Spider Nest.
 16150 | Lair:2   | Found a staircase to the Shoals.
 16593 | Lair:3   | Noticed Urug
 16602 | Lair:3   | Killed Urug
 16653 | Lair:3   | Found a dark tunnel.
 16666 | Volcano  | Entered a volcano
 16686 | Volcano  | Found a radiant altar of Vehumet.
 16688 | Volcano  | Noticed a red draconian
 16719 | Volcano  | Killed a red draconian
 17259 | Lair:3   | Noticed a fire dragon
 17279 | Lair:3   | Killed a fire dragon
 17422 | Lair:3   | Identified the +5 quarterstaff of the Lamprey {venom,
                  | Stlth+}
 17494 | Lair:3   | Noticed Gastronok
 17522 | Lair:3   | Killed Gastronok
 18588 | Lair:4   | Found a gate leading to a gauntlet.
 18705 | Lair:4   | Reached ***** piety under Qazlal
 18706 | Lair:4   | Reached skill level 10 in Axes
 18706 | Lair:4   | Reached XP level 14. HP: 113/113 MP: 0/26
 18756 | Gauntlet | Entered a Gauntlet
 18756 | Gauntlet | Found a transporter.
 18756 | Gauntlet | Found a transporter.
 18756 | Gauntlet | Found a transporter.
 18854 | Gauntlet | Found a transporter.
 18887 | Gauntlet | Found a transporter.
 18908 | Gauntlet | Found a transporter.
 18914 | Gauntlet | Found a transporter.
 18939 | Gauntlet | Found a transporter.
 18952 | Gauntlet | Found a transporter.
 18961 | Gauntlet | Found a transporter.
 18978 | Gauntlet | Found a transporter.
 19049 | Gauntlet | Found a transporter.
 19712 | Gauntlet | Got the Compendium of Malediction
 20795 | Lair:5   | Reached skill level 10 in Invocations
 21613 | Lair:6   | Entered Level 6 of the Lair of Beasts
 21688 | Lair:6   | HP: 5/113 [death yak (12)]
 22678 | Lair:6   | Found the ring of the Octopus King
 22698 | Lair:6   | Reached XP level 15. HP: 48/120 MP: 0/28
 22771 | Lair:6   | Identified a ring of the Octopus King {rC+ AC+1 EV+1 Str+1
                  | Int+1 Dex+1}
 23291 | Lair:6   | Reached skill level 10 in Short Blades
 23291 | Lair:6   | Reached skill level 10 in Long Blades
 23291 | Lair:6   | Reached skill level 10 in Polearms
 23291 | Lair:6   | Reached skill level 10 in Slings
 23291 | Lair:6   | Reached skill level 10 in Bows
 23291 | Lair:6   | Reached skill level 10 in Crossbows
 23291 | Lair:6   | Reached skill level 10 in Throwing
 23291 | Lair:6   | Reached skill level 10 in Dodging
 23291 | Lair:6   | Reached skill level 10 in Stealth
 23291 | Lair:6   | Reached skill level 10 in Unarmed Combat
 23291 | Lair:6   | Reached skill level 10 in Spellcasting
 23291 | Lair:6   | Reached skill level 10 in Evocations
 23647 | Lair:6   | Found a staircase to the Slime Pits.
 23647 | Lair:6   | Found a viscous altar of Jiyva.
 26129 | Orc:2    | Reached ****** piety under Qazlal
 26795 | Orc:2    | Found Raunt's General Store.
 26798 | Orc:2    | Found a staircase to the Elven Halls.
 26935 | Orc:2    | Found Gaichoecei's Antique Weapon Boutique.
 26951 | Orc:2    | Bought a scroll labelled CERUOF ECOMEG for 24 gold pieces
 27463 | Orc:1    | Noticed an orc warlord
 27463 | Orc:1    | You fall into a shaft and drop 1 floor!
 27516 | Orc:1    | Noticed an orc warlord
 27532 | Orc:2    | Killed an orc warlord
 27769 | Orc:2    | Killed an orc warlord
 28422 | Orc:2    | Bought a potion of heal wounds for 85 gold pieces
 28428 | Orc:2    | Bought a bloodstained flail for 221 gold pieces
 28428 | Orc:2    | Identified the +3 flail "Yroxar" {vamp, rPois rN++ rCorr
                  | Dex-2} (You bought it in a shop on level 2 of the Orcish
                  | Mines)
 28435 | Orc:2    | Bought an encrusted dagger for 182 gold pieces
 28435 | Orc:2    | Identified the +12 dagger "Xawnihin" {vorpal, rCorr} (You
                  | bought it in a shop on level 2 of the Orcish Mines)
 28807 | D:12     | Identified a scroll of acquirement
 28808 | D:12     | Acquired 752 gold pieces
 29389 | D:13     | Reached XP level 16. HP: 124/128 MP: 23/30
 30459 | D:14     | Found a gate to the Vaults.
 30688 | Spider:1 | Entered Level 1 of the Spider Nest
 31031 | Lair:2   | Slain by a wolf spider

Illustrated notes

Levels and vault maps discovered:
D:1:      minmay_arrival_glassed_features, layout_rooms,
          shapermc_ecumenical_altar_notcrosses, st_stairs_1
D:2:      layout_basic, roderic_serpentine_path, serial_bayou_lagoon_b
D:3:      layout_rooms, supply_closet_lemuel, grunt_ministairs_3
D:4:      layout_layer_cave, serial_shops, nicolae_take_the_stairs
D:5:      layout_gridville, mainiacjoe_overflow_alcove_4, minmay_manual_mares,
          uniq_crazy_yiuf_cottage
D:6:      layout_basic, grunt_decor_resistance, kennysheep_opposing_triangles
D:7:      layout_basic, minmay_temple_entry_wispy,
          nicolae_ossuary_entry_catacombs, enter_bailey_5, hex_intersection,
          minmay_misc_feat_columns, uniq_menkaure
D:8:      layout_cave_pools, wad_rectangle_vault
D:9:      nicolae_whirlpool, layout_irregular_city, overflow_temple_1_default,
          mainiacjoe_overflow_large_starburst, dpeg_oklobed_lair,
          lightli_orcish_oven
D:10:     layout_rooms, uniq_psyche, uniq_harold
D:11:     wad_river_or_something, layout_loops_ring, orc_david_3
D:12:     layout_cave_pools
D:13:     layout_long_grid, minivault_27
D:14:     layout_cave_pools, grunt_vaults_entry_tiered
Temple:   compressed_dpeg_circular_temple
Lair:1:   layout_roguey
Lair:2:   layout_hall_layers, elwin_shoals_entry_rocks,
          hellmonk_spider_entry_life_and_decay, beast_lair_carwin_7
Lair:3:   dragon1_lemuel, layout_regular_city, enter_volcano_1,
          grunt_megastairs_1, uniq_gastronok, uniq_urug
Lair:4:   layout_hall_layers, gauntlet_entry_generic
Lair:5:   layout_small_grid
Lair:6:   gammafunk_lair_ancient_temple, layout_misc_corridors, slime_altar_1,
          chequers_serial_rivers_micro_a, infiniplex_staircase_pool_2
Spider:1: layout_spider_delve, nicolae_spider_orb_run
Orc:1:    layout_diamond_mine
Orc:2:    st_orc_open, layout_caves

Skill      XL: |  1  2  3  4  5  6  7  8  9 10 11 12 13 14 15 16 |
---------------+-------------------------------------------------+-----
Invocations    | 1 2 3 4 5 6 7 8 9 10 11 | 11.7
Maces & Flails | 1 2 3 4 5 6 8 9 11 12 13 14 | 14.9
Short Blades   | 1 2 3 4 5 6 7 8 9 10 | 10.8
Long Blades    | 1 2 3 4 5 6 7 8 9 10 | 10.8
Polearms       | 1 2 3 4 5 6 7 8 9 10 | 10.8
Staves         | 1 2 4 6 7 9 10 11 13 14 | 14.6
Slings         | 1 2 3 4 5 6 7 8 9 10 | 10.8
Bows           | 1 2 3 4 5 6 7 8 9 10 | 10.8
Crossbows      | 1 2 3 4 5 6 7 8 9 10 | 10.8
Throwing       | 1 2 3 4 5 6 7 8 9 10 | 10.8
Dodging        | 1 2 3 4 5 6 7 8 9 10 | 10.8
Stealth        | 1 2 3 4 5 6 7 8 9 10 | 10.8
Unarmed Combat | 1 2 3 4 5 6 7 8 9 10 | 10.8
Spellcasting   | 1 2 3 4 5 6 7 8 9 10 | 10.8
Evocations     | 1 2 3 4 5 6 7 8 9 10 | 10.8
Conjurations   | 1 2 3 4 5 6 7 8 9 |  9.1
Hexes          | 1 2 3 4 5 6 7 8 9 |  9.1
Summonings     | 1 2 3 4 5 6 7 8 9 |  9.1
Necromancy     | 1 2 3 4 5 6 7 8 9 |  9.1
Translocations | 1 2 3 4 5 6 7 8 9 |  9.1
Transmutations | 1 2 3 4 5 6 7 8 9 |  9.1
Fire Magic     | 1 2 3 4 5 6 7 8 9 |  9.1
Ice Magic      | 1 2 3 4 5 6 7 8 9 |  9.1
Air Magic      | 1 2 3 4 5 6 7 8 9 |  9.1
Earth Magic    | 1 2 3 4 5 6 7 8 9 |  9.1
Poison Magic   | 1 2 3 4 5 6 7 8 9 |  9.1
Axes           | 5 6 7 8 9 10 11 | 11.7
Fighting       | 7 8 9 10 11 12 | 12.5
Armour         | 7 8 9 10 11 12 | 12.5
Shields        | 7 8 9 10 11 12 | 12.5

Action                   |  1- 3 |  4- 6 |  7- 9 | 10-12 | 13-15 | 16-18 || total
-------------------------+-------+-------+-------+-------+-------+-------++-------
Melee: War axe           |   107 |   104 |    38 |       |       |       ||   249
       Bite              |     8 |    13 |    58 |   135 |   207 |    36 ||   457
       Mace              |       |       |   379 |   479 |       |       ||   858
       Flail             |       |       |       |   225 |       |       ||   225
       Demon whip        |       |       |       |   174 |  1209 |       ||  1383
       Dagger            |       |       |       |       |    96 |   194 ||   290
Throw: Throwing net      |       |     1 |       |       |       |       ||     1
       Boomerang         |       |     4 |     2 |    45 |    19 |     5 ||    75
       Dart              |       |     4 |       |     7 |       |       ||    11
Evoke: Wand              |       |       |       |     3 |     6 |       ||     9
  Use: Potion            |       |       |     1 |       |     8 |     2 ||    11
       Scroll            |       |       |       |     6 |    14 |     3 ||    23
 Stab: Sleeping          |       |       |     3 |       |       |       ||     3
       Petrified         |       |       |       |       |       |     2 ||     2
Armor: Scale mail        |    64 |    37 |   222 |   240 |   214 |       ||   777
       Plate armour      |       |       |       |    82 |   198 |    76 ||   356
Dodge: Dodged            |    48 |    37 |   188 |   255 |   386 |    36 ||   950
Block: Buckler           |    31 |       |       |       |       |       ||    31
       Kite shield       |    14 |    46 |   293 |   657 |  1352 |   190 ||  2552
       Reflection        |       |       |       |       |    17 |     7 ||    24
